 Dungeon Crawl Stone Soup version 0.25-a0-577-ga4619f409e (webtiles) character file.

Game seed: 17949475619066351431, levelgen mode: deterministic

2 Forecaster the Magician (level 1, 0/15 HPs)
             Began as a Naga Wizard on Mar 2, 2020.
             Slain by a hobgoblin
             ... wielding a +0 club
              (3 damage)
             ... on level 1 of the Dungeon.
             The game lasted 00:00:49 (101 turns).

Forecaster the Magician (Naga Wizard)                Turns: 101, Time: 00:00:50

Health: 0/15       AC:  1    Str:  9    XL:     1   Next: 30%
Magic:  2/4        EV: 10    Int: 18    God:
Gold:   0          SH:  0    Dex:  9    Spells: 5/6 levels left

rFire    . . .     SeeInvis +   e - +0 whip
rCold    . . .     Gourm    .   (no shield)
rNeg     . . .     Faith    .   a - +0 robe
rPois    +         Spirit   .   b - +0 hat
rElec    .         Reflect  .   (no cloak)
rCorr    .         Harm     .   (no gloves)
MR       .....                  (no barding)
Stlth    ++........             (no amulet)
HPRegen  0.05/turn              f - ring of flight
MPRegen  0.09/turn              (no ring)

@: very slow
A: large, see invisible, deformed body, poison resistance, slowness 2, slow
metabolism 1, spit poison 1, AC +0
a: Spit Poison, Evoke Flight


You were on level 1 of the Dungeon.
You were not hungry.

You visited 1 branch of the dungeon, and saw 1 of its levels.

Inventory:

Hand Weapons
 e - a +0 whip (weapon)
Armour
 a - a +0 robe (worn)
 b - a +0 hat (worn)
Jewellery
 f - a ring of flight (left hand)
Scrolls
 c - a scroll of identify {unknown}
 g - a scroll of remove curse {unknown}
Comestibles
 d - a ration


   Skills:
 + Level 1.5 Dodging
 + Level 3.0 Stealth
 + Level 3.1 Spellcasting
 + Level 1.0 Conjurations
   Level 1.0 Summonings
   Level 1.0 Translocations


You had 5 spell levels left.
You knew the following spells:

 Your Spells              Type           Power        Failure   Level  Hunger
a - Magic Dart            Conj           #...         11%         1    None

Your spell library contained the following spells:

 Spells                   Type           Power        Failure   Level  Hunger
 Blink                    Tloc           N/A          16%         2    ##.....
 Call Imp                 Summ           #.......     16%         2    ##.....
 Slow                     Hex            #.......     24%         2    ##.....
 Conjure Flame            Conj/Fire      #.......     36%         3    ###....
 Mephitic Cloud           Conj/Pois/Air  #.......     38%         3    ###....


Dungeon Overview and Level Annotations

Branches:
Dungeon (1/15)

Altars:


Innate Abilities, Weirdness & Mutations

You cannot wear boots.
Your serpentine skin is tough. (AC +0)
You have supernaturally acute eyesight. (SInv)
Armour fits poorly on your strangely shaped body.
Your system is resistant to poisons. (rPois)
You cover ground very slowly.
You have a slow metabolism.
You can spit poison.


Message History

The goblin hits you with a +0 dagger.
You hit the goblin.
You kill the goblin!
The goblin completely misses you.
You closely miss the goblin. The goblin barely misses you.
The hobgoblin closely misses you.
You closely miss the goblin. The goblin hits you.
The hobgoblin hits you with a +0 club.
You closely miss the goblin. The goblin completely misses you.
The hobgoblin hits you but does no damage.
The goblin hits you.
* * * LOW HITPOINT WARNING * * *
Casting: Magic Dart (safe; 11% risk of failure)
Confirm with . or Enter, or press ? or * to list all spells.
Aiming: Magic Dart (safe; 11% risk of failure)
Press: ? - help, Shift-Dir - straight line, f - hobgoblin
Aim: a hobgoblin, wielding a +0 club The magic dart hits the hobgoblin but does no damage.
The hobgoblin hits you with a +0 club.
You die...

#.####..........(.$..
#. #.####.##.######
#.####.####.# .#
##.#.........# .#
.#.....###........
#.#.##.# #..##.#.#
#.#.##.###..##.#
###....g.........#
#......g@....####
#.#.#.######.#
#.#.######.#
#..g.......
#(.g######. #....g..#
#..$....# #......g#
#.........


You could see a hobgoblin and a goblin.

Vanquished Creatures
  A kobold (D:1)
  A goblin (D:1)
2 creatures vanquished.

Notes
Turn   | Place    | Note
-------+----------+-------------------------------------------
     0 | D:1      | Forecaster the Naga Wizard began the quest for the Orb.
     0 | D:1      | Reached XP level 1. HP: 15/15 MP: 4/4
   101 | D:1      | Slain by a hobgoblin

Levels and vault maps discovered:
D:1:      lightli_arrival_windingriver, layout_loops_ring, minmay_tetromino_l4

Action                   || total
-------------------------++-------
Melee: Whip              ||     5
 Cast: Magic Dart        ||     6
Dodge: Dodged            ||     4

Table legend:
 A = Non-vault XP
 B = Vault XP
 C = Vault XP percentage of total XP
 D = Non-vault monster count
 E = Vault monster count
 F = Vault count percentage of total count
                 A         B        C        D         E       F
            +---------+---------+-------+---------+---------+-------
      Total |       3 |       0 |   0.0 |       2 |       0 |   0.0
            +---------+---------+-------+---------+---------+-------
        D:1 |       3 |       0 |   0.0 |       2 |       0 |   0.0
            +---------+---------+-------+---------+---------+-------
